Map: Ever Dream LE

Players

SouLeer

  • Race: Zerg Zerg
  • League: Diamond
  • Spawn Location: 7:00

Geralt (Gerald) - Winner!

  • Race: Protoss Protoss
  • League: Grandmaster
  • Spawn Location: 1:00

Event: DreamHack SC2 Masters 2020 Fall

VOD

Have the link to the VOD?

Description

Time

  • Played on: Aug. 28, 2020, 12:12 p.m.
  • Length: 6:11

All games in this series

Show
View Real Time Build Order
Export as new Build Order

SouLeer Zerg 

Build Orders: Hatch First 

Get SALT Encoding   

  12  0:01  Drone  
  13  0:12  Overlord  
  13  0:17  Drone  
  14  0:31  Drone x2  
  16  0:48  Hatchery  
  15  0:51  Drone  
  15  0:55  Drone  
  17  0:58  Drone  
  18  1:11  Extractor  
  18  1:14  Spawning Pool  
  18  1:17  Drone  
  17  1:20  Drone  
  18  1:29  Drone  
  19  1:40  Drone  
  20  1:51  Overlord  
  20  2:01  Queen x2  
  20  2:02  Zergling x4  
  26  2:11  Drone  
  26  2:12  Drone  
  28  2:22  Drone x2  
  30  2:26  Metabolic Boost  
  30  2:33  Drone x2  
  32  2:42  Hatchery  
  31  2:45  Drone  
  31  2:47  Drone  
  33  2:55  Overlord  
  33  2:56  Drone  
  34  3:00  Queen  
  36  3:09  Overlord  
  36  3:14  Drone x4  
  36  3:19  Drone  
  41  3:23  Drone  
  41  3:25  Spore Crawler  
  41  3:27  Drone  
  42  3:35  Queen, Overlord  
  42  3:38  Drone  
  45  3:42  Drone x3  
  45  3:48  Drone x2  
  50  3:54  Drone  
  51  3:57  Spore Crawler  
  51  3:59  Drone x2  
  51  4:01  Queen  
  54  4:04  Lair  
  54  4:05  Drone  
  55  4:11  Baneling Nest  
  55  4:13  Zergling x8  
  58  4:18  Zergling x8  
  58  4:22  Overlord  
  62  4:25  Drone  
  62  4:28  Drone  
  62  4:29  Drone  
  65  4:35  Drone  
  66  4:40  Overlord x2, Spore Crawler  
  66  4:43  Overlord  
  67  4:47  Drone x3  
  69  4:54  Zergling x4  
  69  4:55  Zergling x6  
  68  5:02  Overseer  
  68  5:05  Drone x4  
  69  5:07  Extractor  
  69  5:10  Drone x3  
  69  5:15  Drone  
  69  5:18  Extractor  
  69  5:22  Queen  
  71  5:29  Hatchery  
  71  5:30  Drone x3  
  73  5:35  Evolution Chamber  
  73  5:39  Drone x3  
  73  5:40  Roach Warren  
  73  5:41  Drone  
  73  5:42  Drone  
  76  5:45  Overlord  
  76  5:47  Overlord  
Show
View Real Time Build Order
Export as new Build Order

Geralt Protoss - Winner!

Build Orders: 1 Gate Expand, Zealot Archon, Archon Drop, Dark Templar Rush 

Get SALT Encoding   

  12  0:00  Probe  
  13  0:13  Probe  
  14  0:18  Pylon  
  14  0:25  Probe (Chrono Boost)  
  15  0:28  Assimilator  
  15  0:37  Probe (Chrono Boost)  
  15  0:42  Gateway  
  16  0:46  Probe (Chrono Boost)  
  17  0:54  Probe  
  18  1:06  Probe  
  19  1:18  Probe  
  19  1:25  Nexus  
  20  1:34  Cybernetics Core  
  20  1:40  Probe  
  21  1:47  Assimilator  
  21  1:52  Probe  
  22  1:54  Pylon  
  22  2:04  Probe  
  23  2:10  Adept (Chrono Boost)  
  23  2:14  Twilight Council  
  25  2:16  Probe  
  25  2:22  Warp Gate  
  26  2:28  Probe  
  27  2:30  Stalker (Chrono Boost)  
  29  2:38  Probe  
  29  2:42  Probe  
  31  2:48  Gateway  
  31  2:50  Probe  
  32  2:54  Probe  
  33  3:02  Probe  
  33  3:04  Robotics Facility  
  34  3:06  Probe  
  34  3:10  Adept  
  37  3:14  Probe  
  37  3:19  Dark Shrine  
  38  3:23  Probe  
  38  3:26  Probe  
  40  3:31  Gateway  
  40  3:35  Gateway  
  40  3:37  Probe  
  41  3:41  Probe  
  41  3:46  Pylon  
  42  3:49  Probe  
  42  3:51  Warp Prism (Chrono Boost)  
  45  3:56  Probe  
  45  4:00  Assimilator  
  46  4:04  Assimilator, Probe  
  46  4:07  Pylon  
  46  4:09  Probe  
  48  4:16  Probe  
  49  4:21  Probe  
  50  4:28  Probe  
  50  4:30  Pylon  
  51  4:33  Probe  
  52  4:39  Dark Templar x4  
  52  4:43  Probe  
  61  4:46  Pylon  
  57  5:04  Probe  
  62  5:07  Shield Battery  
  62  5:16  Forge  
  58  5:23  Pylon  
  58  5:26  Gateway  
  58  5:27  Dark Templar x3  
  64  5:28  Archon x2  
  64  5:29  Gateway  
  64  5:30  Dark Templar  
  64  5:31  Gateway, Archon  
  64  5:33  Archon  
  66  5:38  Gateway  
  66  5:40  Probe  
  66  5:42  Pylon  
  68  6:06  Zealot x4  

Tags
 
Add a new tag
Caveats
  • Supply blocks, unpowered buildings, or Contaminate may cause inaccurate times.
  • Supply counts are checked every 10 seconds.